 Dungeon Sprint DCSS version 0.31-a0-716-gc7603755dd (webtiles) character file.

Game seed: 8410430868919734776

1187 fozzywoppz the Gargoyle-At-Arms (level 8, -4/54 HPs)
             Began as a Gargoyle Fighter on Sept 10, 2023.
             Was a Believer of Okawaru.
             Slain by a boulder beetle (31 damage)
             ... in the Dungeon (Sprint IX: "|||||||||||||||||||||||||||||").
             The game lasted 00:03:03 (206 turns).

fozzywoppz the Gargoyle-At-Arms (Gargoyle Fighter)   Turns: 206, Time: 00:03:03

Health: -4/54      AC: 17    Str: 23    XL:     8   Next: 43%
Magic:  8/16       EV: 10    Int:  9    God:    Okawaru [**....]
Gold:   0          SH:  5    Dex: 11    Spells: 7/7 levels left

rFire   . . .        m - +2 morningstar (heavy)
rCold   . . .        c - +0 buckler
rNeg    + . .        o - +1 chain mail
rPois   ∞            (no helmet)
rElec   +            (no cloak)
rCorr   .            n - +0 pair of gloves
SInv    .            (no boots)
Will    .....        (no amulet) Stlth
                     p - +3 ring of strength
HPRegen 0.29/turn    q - +2 ring of evasion
MPRegen 0.15/turn

%: no teleportation
@: hasted (expiring), very quick
A: sickness immunity, AC +5, negative energy resistance 1, electricity
resistance, torment resistance 1, petrification resistance
a: Renounce Religion, Heroism


You were in the Dungeon.
You worshipped Okawaru.
Okawaru was pleased with you.
You visited 1 branch

Inventory:

Hand Weapons
 a - a +0 flail
 m - a +2 heavy morningstar (weapon)
Armour
 b - a +0 scale mail
 c - a +0 buckler (worn)
 n - a +0 pair of gloves (worn)
 o - a +1 chain mail (worn)
Jewellery
 p - a +3 ring of strength (left hand)
 q - a +2 ring of evasion (right hand)
Wands
 l - a wand of acid (4)
Scrolls
 j - 2 scrolls of blinking
 k - 2 scrolls of amnesia
Potions
 d - a potion of invisibility
 e - 5 potions of curing
 f - 2 potions of heal wounds
 h - 4 potions of magic
 i - a potion of berserk rage


   Skills:
 - Level 8.0 Fighting
 + Level 11.5 Maces & Flails
 - Level 5.0 Armour
 - Level 5.0 Stealth
 - Level 5.0 Shields
 + Level 11.6 Invocations


You had 7 spell levels left.
You didn't know any spells.
Your spell library was empty.

Dungeon Overview and Level Annotations

Branches:
Dungeon (1/1)

Altars:
Cheibriados
Dithmenos
Elyvilon
Fedhas
Gozag
Hepliaklqana
Kikubaaqudgha
Makhleb
Nemelex Xobeh
Okawaru
Qazlal
Ru
Sif Muna
Trog
Uskayaw
Vehumet
Wu Jian
Xom
Yredelemnul
Zin
The Shining One
Jiyva
Lugonu


Innate Abilities, Weirdness & Mutations

You are immune to sickness and miasma.
Your stone body is resilient. (AC +5)
You are immune to poison.
You resist negative energy. (rN+)
You are resistant to electric shocks. (rElec)
You are resistant to unholy torment.
You are immune to petrification.


Message History

The death knight's dark mirror aura disappears.
Something hits you but does no damage.
Deactivating autopickup; reactivate with Ctrl-A.
The boulder beetle leaps!
Your Maces & Flails skill increases to level 11!
Your Invocations skill increases to level 11!
Aiming: Corrosive Bolt
Press: ? - help, Shift-Dir - straight line, f - centaur warrior, p - boulder beetle
Aim: a centaur warrior (79% to hit)
The bolt of acid hits something!
The bolt of acid hits the boulder beetle.
The boulder beetle seems to be corroded for longer.
The boulder beetle is lightly wounded.
The bolt of acid hits the death knight!
The death knight is lightly wounded.
The bolt of acid hits the centaur warrior!
The centaur warrior is lightly wounded.
Something hits you.
The boulder beetle leaps!
Aiming: Corrosive Bolt
Press: ? - help, Shift-Dir - straight line, f/p - centaur warrior
Aim: a centaur warrior (lightly wounded, 79% to hit)
The bolt of acid hits the death knight!
The acid corrodes the death knight!
The death knight is moderately wounded.
The bolt of acid hits the centaur warrior!
The acid corrodes the centaur warrior!
The centaur warrior is heavily wounded.
You miss something.
Your extra speed is starting to run out.
Something hits you!
You barely miss something. Something hits you but does no damage.
The boulder beetle curls into a ball and begins rolling!
Something hits you but does no damage.
You bludgeon something!! Something hits you.
Something hits you but does no damage.
You beat something like a drum!!!
Okawaru is honoured by your kill.
Reactivating autopickup.
You feel a bit more experienced. The boulder beetle hits you!!
Ouch! That really hurt!
You die... ▓▓▓▓▓▓▓▓▓▓▓▓▓▓▓▓▓▓▓▓▓▓▓▓ '..).[....).)°○B@[pc.... ▓▓▓▓▓▓▓▓▓▓▓▓▓▓▓▓▓▓▓▓▓▓▓▓

You could see a death knight (corroded), a boulder beetle (rolling, corroded) and a centaur warrior (corroded).

Vanquished Creatures
  An unseen horror (D)
  A tengu conjurer (D)
  2 trolls (D)
  A yak (D)
  An acid dragon (D)
  A centaur (D)
  A killer bee (D)
  2 hounds (D)
  An orc priest (D)
  An iguana (D)
  An ufetubus (D)
  A dart slug (D)
  An endoplasm (D)
  A hobgoblin (D)
  A goblin (D)
  A kobold (D)
  A rat (D)
19 creatures vanquished.

Notes
Turn   | Place    | Note
-------+----------+-------------------------------------------
     0 | D        | fozzywoppz the Gargoyle Fighter began the quest for the
                  | Orb.
     0 | D        | Reached XP level 1. HP: 14/14 MP: 1/1
    26 | D        | Noticed an iguana
    26 | D        | Noticed a hound
    26 | D        | Noticed a hound
    29 | D        | Reached XP level 2. HP: 20/20 MP: 2/2
    41 | D        | Reached XP level 3. HP: 9/25 MP: 3/3
    42 | D        | Reached skill level 5 in Fighting
    42 | D        | Reached skill level 5 in Armour
    42 | D        | Reached skill level 5 in Shields
    42 | D        | Reached XP level 4. HP: 12/31 MP: 4/4
    45 | D        | Reached skill level 5 in Maces & Flails
    90 | D        | Found a snail-covered altar of Cheibriados.
    90 | D        | Found a shadowy altar of Dithmenos.
    90 | D        | Found a white marble altar of Elyvilon.
    90 | D        | Found a blossoming altar of Fedhas.
    90 | D        | Found an opulent altar of Gozag.
    91 | D        | Found a hazy altar of Hepliaklqana.
    92 | D        | Found a viscous altar of Jiyva.
    93 | D        | Found an ancient bone altar of Kikubaaqudgha.
    94 | D        | Found a corrupted altar of Lugonu.
    95 | D        | Found a burning altar of Makhleb.
    96 | D        | Found a sparkling altar of Nemelex Xobeh.
    97 | D        | Found an iron altar of Okawaru.
    98 | D        | Found a stormy altar of Qazlal.
    99 | D        | Found a sacrificial altar of Ru.
   100 | D        | Found a shimmering blue altar of Sif Muna.
   101 | D        | Found a bloodstained altar of Trog.
   102 | D        | Found a hide-covered altar of Uskayaw.
   103 | D        | Found a radiant altar of Vehumet.
   104 | D        | Found an ornate altar of the Wu Jian Council.
   105 | D        | Became a worshipper of Warmaster Okawaru
   106 | D        | Found a shimmering altar of Xom.
   107 | D        | Found a basalt altar of Yredelemnul.
   108 | D        | Found a glowing silver altar of Zin.
   118 | D        | Found a glowing golden altar of the Shining One.
   166 | D        | Noticed a troll
   166 | D        | Noticed a yak
   166 | D        | Noticed an acid dragon
   166 | D        | Noticed a centaur
   168 | D        | Reached skill level 1 in Invocations
   168 | D        | Reached XP level 5. HP: 37/37 MP: 4/6
   170 | D        | Killed a troll
   170 | D        | Reached * piety under Okawaru
   171 | D        | Reached skill level 5 in Stealth
   171 | D        | Reached XP level 6. HP: 44/44 MP: 4/11
   171 | D        | Killed a yak
   172 | D        | Reached XP level 7. HP: 49/49 MP: 4/13
   181 | D        | Reached ** piety under Okawaru
   182 | D        | Reached skill level 10 in Maces & Flails
   186 | D        | Reached skill level 10 in Invocations
   192 | D        | Noticed a troll
   192 | D        | Noticed a tengu conjurer
   192 | D        | Noticed a boulder beetle
   192 | D        | Noticed a death knight
   192 | D        | Noticed a centaur warrior
   196 | D        | Killed a troll
   197 | D        | Reached XP level 8. HP: 43/54 MP: 7/16
   200 | D        | Killed a tengu conjurer
   206 | D        | Killed an unseen horror
   206 | D        | Slain by a boulder beetle

Illustrated notes

Levels and vault maps discovered:
D:        linesprint [early_d, line_temple, items_1, d_10, items_2, lair_1,
          lair_end, items_3, orc_1, orc_end, items_4, d_15, swamp_1, shoals_1,
          snake_1, spider_1, d_20, vaults_1, items_5, swamp_end, shoals_end,
          snake_end, spider_end, vaults_end, d_27, items_6, zot_1, zot_end,
          crypt_end, forest_end, elf_end, slime_end, tomb_end, abyss_end,
          pan_hell_end]

Skill      XL: |  1  2  3  4  5  6  7  8 |
---------------+-------------------------+-----
Fighting       | 4 5 6 8 |  8.0
Maces & Flails | 3 4 6 7 8 10 11 | 11.5
Armour         | 4 5 |  5.0
Shields        | 4 5 |  5.0
Stealth        | 2 5 |  5.0
Invocations    | 1 6 8 10 11 | 11.6

Action                     |  1- 3 |  4- 6 |  7- 9 || total
---------------------------+-------+-------+-------++-------
  Melee: Flail             |    25 |     3 |       ||    28
         Morningstar       |       |     3 |    22 ||    25
  Evoke: Wand              |       |     2 |     4 ||     6
    Use: Potion            |     1 |     1 |     1 ||     3
 Armour: Scale mail        |    19 |     4 |       ||    23
         Chain mail        |       |       |    26 ||    26
  Dodge: Dodged            |    12 |       |    14 ||    26
  Block: Buckler           |     8 |       |     5 ||    13

Table legend: (Time is in decaauts)
 A = Elapsed time spent in this place.
 B = Non-inter-level travel time spent in this place.
 C = Inter-level travel time spent in this place.
 D = Time resting spent in this place.
 E = Time spent auto-exploring this place.
 F = Levels seen in this place.
 G = Mean time per level.
                   A        B        C        D        E       F      G
               +--------+--------+--------+--------+--------+-----+--------+
         Total |    207 |    207 |      0 |     48 |      0 |   1 |  207.0 |
       Dungeon |    207 |    207 |      0 |     48 |      0 |   1 |  207.0 |
               +--------+--------+--------+--------+--------+-----+--------+

Top non-repeatable levels by time:
       D: 207 daAuts
